AoeStats
← PLEYBOI

Black Forest

510636349Analyzed
3v3 RM · 1d ago on Oct 1, 2026· 83m 46s· 6 players
Game mode
Random Map
Map size
Normal (6 player)
Population
200
Speed
Normal
Resources
Standard
Victory
Conquest
Starting age
Dark Age
Ending age
Imperial Age
RankedLock teamsTeams togetherTeam positionsShared explorationLock speedFull tech treeHidden civsTurbo modeCheats
Victory
Defeat
🇺🇸 Goths · United States
596
+27
🇺🇸 Khmer · United States
561
+27
🇺🇸 Teutons · United States
520
+27
🇮🇹 Malay · Italy
608
-18
🇦🇷 Dravidians · Argentina
578
-17
🇦🇷 Saxons · Argentina
558
-16
LCStarkE
0:29 Loom
15:51 Feudal Age
32:12 Castle Age
37:22 Double-Bit Axe
39:06 Caravan
41:52 Imperial Age
40:21 Fortified Wall
40:22 Masonry
40:08 Murder Holes
40:38 Ballistics
40:42 Bow Saw
41:55 Guard Tower
42:50 Town Watch
43:53 Town Patrol
45:26 Hoardings
45:13 Conscription
45:55 Chemistry
45:20 Stone Mining
46:53 Horse Collar
48:17 Two-Man Saw
47:56 Wheelbarrow
48:48 Onager
51:12 Hand Cart
51:41 Medical Corps
54:44 Wootz Steel
54:59 Siege Onager
60:53 Siege Onager
61:37 Heavy Scorpion
66:06 Forging
65:47 Fletching
71:29 Gold Mining
F1TRACER
11:56 Feudal Age
13:21 Double-Bit Axe
14:18 Wheelbarrow
15:06 Horse Collar
22:02 Castle Age
24:10 Bow Saw
24:47 Stone Mining
24:48 Gold Mining
26:48 Hand Cart
29:41 Caravan
31:50 Forging
31:41 Scale Mail Armor
31:32 Fletching
32:50 Ballistics
33:14 Iron Casting
32:40 Padded Archer Armor
33:07 Heavy Plow
38:10 Imperial Age
38:33 Shield Wall
38:34 Clerical Recruitment
39:37 Conscription
39:08 Cranequins
39:51 Elite Hearth Troop
41:21 Bodkin Arrow
41:42 Leather Archer Armor
41:43 Chain Mail Armor
46:12 Heavy Scorpion
47:32 Elite Varangian Guard
48:17 Bracer
48:48 Ring Archer Armor
52:58 Crop Rotation
53:01 Squires
59:48 Chemistry
61:10 Heavy Mounted Crossbowman
67:37 Onager
xdoppiadx
0:38 Loom
10:58 Feudal Age
20:45 Castle Age
20:32 Wheelbarrow
20:18 Double-Bit Axe
22:40 Horse Collar
24:16 Heavy Plow
25:22 Caravan
25:25 Gold Mining
26:12 Bow Saw
27:57 Hand Cart
29:16 Stone Mining
31:32 Treadmill Crane
34:49 Imperial Age
32:08 Town Watch
35:43 Gold Shaft Mining
35:43 Stone Shaft Mining
35:15 Town Patrol
36:59 Crop Rotation
37:29 Forging
37:25 Scale Barding Armor
37:11 Fletching
37:21 Padded Archer Armor
38:56 Masonry
39:06 Ballistics
39:47 Chemistry
39:41 Coinage
39:22 Guilds
41:23 Heated Shot
41:38 Siege Engineers
41:28 Murder Holes
41:49 Bodkin Arrow
42:10 Leather Archer Armor
42:31 Iron Casting
42:46 Elite Battle Elephant
42:47 Cavalier
42:48 Light Cavalry
43:29 Husbandry
44:46 Thalassocracy
44:46 Forced Levy
45:07 Conscription
44:08 Elite Karambit Warrior
44:18 Sappers
44:59 Guard Tower
45:30 Bombard Tower
46:15 Blast Furnace
45:16 Bracer
45:46 Ring Archer Armor
45:58 Elite Skirmisher
46:43 Thumb Ring
45:58 Crossbowman
47:21 Keep
47:04 Onager
47:05 Heavy Scorpion
47:29 Capped Ram
48:17 Arbalester
49:48 Man-at-Arms
49:48 Pikeman
49:48 Man-at-Arms
49:49 Pikeman
50:14 Arson
50:34 Squires
61:23 Banking
60:58 Long Swordsman
62:50 Heresy
62:55 Two-Handed Swordsman
62:55 Halberdier
PLEYBOI
4:00 Loom
12:53 Feudal Age
20:00 Castle Age
19:48 Double-Bit Axe
19:49 Horse Collar
20:05 Stone Mining
20:11 Gold Mining
21:47 Wheelbarrow
25:20 Wheelbarrow
29:57 Heavy Plow
30:11 Bow Saw
35:30 Imperial Age
36:37 Caravan
37:22 Hand Cart
38:03 Gold Shaft Mining
38:07 Stone Shaft Mining
38:10 Crop Rotation
40:31 Scale Barding Armor
40:36 Forging
40:17 Fletching
40:27 Padded Archer Armor
40:27 Scale Mail Armor
40:03 Elite Ballista Elephant
40:43 Double Crossbow
41:04 Conscription
41:20 Hoardings
40:16 Sappers
40:46 Tusk Swords
42:23 Husbandry
42:33 Bloodlines
41:46 Light Cavalry
41:59 Light Cavalry
43:12 Fortified Wall
43:24 Ballistics
44:04 Chemistry
43:00 Murder Holes
44:06 Town Watch
44:09 Hussar
50:23 Iron Casting
50:09 Chain Barding Armor
49:45 Bodkin Arrow
50:05 Chain Mail Armor
50:28 Leather Archer Armor
52:16 Blast Furnace
52:17 Siege Engineers
52:29 Masonry
52:14 Heated Shot
52:15 Guard Tower
62:56 Onager
62:58 Heavy Scorpion
64:25 Bracer
65:01 Plate Barding Armor
64:56 Ring Archer Armor
Mad_Sloth12
12:07 Feudal Age
17:54 Castle Age
15:41 Horse Collar
16:28 Double-Bit Axe
20:43 Bow Saw
20:35 Heavy Plow
26:38 Wheelbarrow
28:44 Forging
28:35 Scale Mail Armor
32:14 Man-at-Arms
32:14 Pikeman
32:54 Squires
33:33 Iron Casting
33:13 Chain Mail Armor
33:29 Hand Cart
33:08 Long Swordsman
38:45 Imperial Age
36:21 Caravan
36:51 Coinage
38:33 Loom
38:52 Gold Mining
38:52 Stone Mining
39:06 Stone Mining
38:52 Elite Huskarl
39:53 Conscription
39:38 Anarchy
40:51 Blast Furnace
40:25 Crop Rotation
42:10 Stone Shaft Mining
42:36 Two-Man Saw
41:41 Perfusion
41:19 Two-Handed Swordsman
41:19 Halberdier
41:46 Capped Ram
42:54 Ballistics
43:45 Banking
43:11 Champion
46:26 Chemistry
46:23 Guilds
KrugaMan
2:33 Loom
12:28 Feudal Age
21:01 Castle Age
19:00 Double-Bit Axe
19:25 Horse Collar
19:38 Stone Mining
19:56 Gold Mining
22:47 Caravan
25:19 Wheelbarrow
24:30 Town Watch
25:00 Forging
26:05 Squires
25:51 Arson
27:01 Stone Shaft Mining
26:42 Heavy Plow
28:23 Bow Saw
30:46 Hand Cart
30:31 Town Patrol
32:23 Fortified Wall
32:34 Ballistics
36:33 Iron Casting
35:59 Scale Mail Armor
38:40 Imperial Age
37:55 Town Patrol
38:42 Ironclad
41:27 Two-Man Saw
41:03 Crop Rotation
41:42 Blast Furnace
40:57 Chain Mail Armor
40:43 Padded Archer Armor
40:34 Fletching
42:09 Conscription
41:10 Elite Teutonic Knight
43:00 Crenellations
43:16 Hoardings
44:09 Bloodlines
43:23 Elite Skirmisher
43:25 Pikeman
43:59 Arrowslits
44:26 Masonry
44:11 Guard Tower
46:31 Chemistry
45:41 Siege Engineers
46:05 Halberdier
51:03 Onager
54:01 Plate Mail Armor
Connection lost

Rejoining the realm…

Still unreachable

The connection could not be restored.

Session expired

The server has moved on; the page needs a fresh start.